 Dungeon Crawl Stone Soup version 0.18-a0-1197-g8004e50 (webtiles) character file.

1137 st0uf the Covert (level 8, 0/54 HPs)
             Began as an Octopode Assassin on Jan 31, 2016.
             Slain by a black bear (7 damage)
             ... on level 6 of the Dungeon.
             The game lasted 00:22:10 (5217 turns).

st0uf the Covert (Octopode Assassin)                Turns: 5217, Time: 00:22:10

Health: 0/54       AC:  3    Str: 10    XL:     8   Next: 36%
Magic:  8/8        EV: 14    Int: 16    God:
Gold:   208        SH:  0    Dex: 16    Spells: 0 memorised, 7 levels left

rFire  . . .     SeeInvis .     b - +0 blowgun
rCold  . . .     Gourm    +     (no shield)
rNeg   . . .     Faith    .     J - +2 hat {Int+3}
rPois  .         Spirit   .     n - amulet of the gourmand
rElec  .         Dismiss  .     m - ring of stealth
rCorr  .         Reflect  .     y - ring of wizardry
SustAt .         Harm     .     (no ring)
MR     .....                    (no ring)
Stlth  ++++++....               (no ring)
                                (no ring)
                                (no ring)
                                (no ring)

@: not resistant to hostile enchantments, very stealthy
A: almost no armour, amphibious, 8 rings, constrict 8, camouflage 1, gelatinous
body 1
a: no special abilities


You were on level 6 of the Dungeon.
You were completely stuffed.

You visited 1 branch of the dungeon, and saw 6 of its levels.

You collected 300 gold pieces.
You spent 92 gold pieces at shops.

Inventory:

Hand Weapons
 a - a +2 dagger
 b - a +0 blowgun (weapon)
 e - a +2 short sword of freezing
 i - a +0 hunting sling
Missiles
 c - 11 poisoned needles (quivered)
 j - 68 stones
 t - 33 sling bullets
Armour
 J - a +2 hat of intelligence (worn)
Jewellery
 m - a ring of stealth (left tentacle)
 n - an amulet of the gourmand (around mantle)
 y - a ring of wizardry (right tentacle)
 F - the ring "Byerom" {Fire rPois}
   (You found it on level 5 of the Dungeon)

   [ring of fire]

   It enhances your fire magic, and weakens your ice magic.
   It protects you from fire.
   It makes you vulnerable to cold.
   It protects you from poison.
Scrolls
 h - 2 scrolls of immolation {unknown}
 k - 6 scrolls of teleportation {unknown}
 l - a scroll of noise {unknown}
 q - a scroll of blinking {unknown}
 s - 3 scrolls of identify {unknown}
 w - a scroll of enchant weapon {unknown}
 B - a scroll of fear {unknown}
 C - a scroll of recharging {unknown}
 E - 2 scrolls of remove curse {unknown}
 G - a scroll of amnesia {unknown}
 K - a scroll of enchant armour {unknown}
Potions
 g - a potion of beneficial mutation {unknown}
 o - 2 potions of lignification {unknown}
 r - a potion of haste {unknown}
 u - a potion of mutation {unknown}
 v - 2 potions of might {unknown}
 A - a potion of agility {unknown}
 D - a potion of heal wounds {unknown}
 H - a potion of poison {unknown}
Comestibles
 f - 4 bread rations
 p - 9 fruits
 x - 3 meat rations
 z - a royal jelly
 I - 11 chunks of flesh


   Skills:
 + Level 3.9 Fighting
 + Level 3.4 Short Blades
 + Level 4.6(5.4) Slings
 + Level 4.0(5.1) Throwing
 + Level 3.9 Dodging
 + Level 8.3 Stealth


You had 7 spell levels left.
You didn't know any spells.

Dungeon Overview and Level Annotations

Branches:
Dungeon (6/15)
 Temple: D:4-7

Altars:
Ashenzari
Elyvilon
Gozag
Kikubaaqudgha
Yredelemnul

Shops:
D:5 :   D:6 [


Innate Abilities, Weirdness & Mutations

You cannot wear most types of armour.
You are amphibious.
You can wear up to eight rings at the same time.
You can use your tentacles to constrict eight enemies at once.
Your skin changes colour to match your surroundings (Stealth).
Your rubbery body absorbs attacks (AC +1).


Message History

Your base Throwing skill increases to level 4!
You feel a bit more experienced. The black bear closely misses you. x2
The black bear claws you but does no damage.
The black bear goes berserk!
The black bear closely misses you. The black bear barely misses you.
The black bear misses you.
Firing (i - inventory. (,) - cycle):
c - 12 poisoned needles (quivered)
Press: ? - help, Shift-Dir - straight line, f - black bear
Aim: a black bear (severely wounded, berserk, fast, unusually strong, poisoned)
You shoot a poisoned needle.
The poisoned needle hits the black bear!
The black bear looks even sicker.
The black bear is severely wounded.
You feel yourself speed up. The black bear completely misses you.
The black bear claws you.
* * * LOW HITPOINT WARNING * * *
The black bear claws you.
* * * LOW HITPOINT WARNING * * *
The black bear barely misses you. The black bear claws you!
You die...

#.###............<.>.
#.#..........(.......
#.#.)..####...)((##
#.#...รท.###..#..(##
##.................(..
#..#.....###..########
#.##....## #..# #.##.#.###
#h.# #.##.....# #@.#
#.######.###..# ### ..
#(#####...##..# #.. .#
#.......#.....###.# ..#
#######...###.##.####..###
##.## #............ #.#
####.##.#..# #.# ##.#.#.#
#.# ##....##


You could see a black bear (berserk).

Vanquished Creatures
  Sigmund (D:6)
  Eustachio (D:4)
  An ice beast (D:5)
  A black bear (D:6)
  2 ogres (D:5)
  A crimson imp (D:5)
  A centaur zombie (D:5)
  2 hounds (D:4)
  An orc priest (D:3)
  A centaur skeleton (D:5)
  4 orc wizards
  A worker ant (D:5)
  5 adders
  A shadow imp (D:6)
  An adder skeleton (D:4)
  A worm (D:2)
  3 giant geckos
  18 orcs
  5 giant cockroaches
  7 goblins
  11 hobgoblins
  10 jackals
  14 kobolds
  A ball python (D:3)
  5 bats
  6 giant newts
  2 rats
107 creatures vanquished.

Notes
Turn   | Place    | Note
--------------------------------------------------------------
     0 | D:1      | st0uf the Octopode Assassin began the quest for the Orb.
     0 | D:1      | Reached XP level 1. HP: 14/14 MP: 1/1
   326 | D:1      | Reached XP level 2. HP: 10/19 MP: 2/2
   875 | D:1      | Reached XP level 3. HP: 22/24 MP: 3/3
  1176 | D:1      | Reached skill level 6 in Stealth
  2248 | D:3      | Reached XP level 4. HP: 29/29 MP: 4/4
  2568 | D:3      | Reached skill level 1 in Slings
  2740 | D:3      | Reached skill level 7 in Stealth
  2755 | D:3      | Reached XP level 5. HP: 35/35 MP: 5/5
  3089 | D:4      | Noticed Eustachio
  3149 | D:4      | Killed Eustachio
  3149 | D:4      | Reached XP level 6. HP: 29/41 MP: 6/6
  3198 | D:4      | Found an ancient bone altar of Kikubaaqudgha.
  3198 | D:4      | Found an opulent altar of Gozag.
  3198 | D:4      | Found a shattered altar of Ashenzari.
  3619 | D:5      | Entered Level 5 of the Dungeon
  3630 | D:5      | Noticed an ice beast
  3863 | D:5      | Reached XP level 7. HP: 43/46 MP: 7/7
  4148 | D:5      | Found a white marble altar of Elyvilon.
  4198 | D:5      | Found a basalt altar of Yredelemnul.
  4199 | D:5      | Got a faintly glowing lapis lazuli ring
  4210 | D:5      | Identified the ring "Byerom" {Fire rPois} (You found it on level 5 of the Dungeon)
  4290 | D:5      | Found Bugon's Book Emporium.
  4616 | D:5      | Reached skill level 8 in Stealth
  4954 | D:6      | Reached XP level 8. HP: 53/53 MP: 8/8
  4969 | D:6      | Found Echucze's Antique Armour Boutique.
  4976 | D:6      | Bought an embroidered hat for 92 gold pieces
  5195 | D:6      | Noticed Sigmund
  5213 | D:6      | Killed Sigmund
  5217 | D:6      | Slain by a black bear

Vault maps used:
D:1:      mrwooster_arrival_statue_3, minmay_crystal_water
D:3:      minmay_quantized
D:4:      gammafunk_temple_overflow_forgotten, first_bread, uniq_eustachio
D:5:      kennysheep_ying_yang, serial_shops, shop, serial_park_tiny_1
D:6:      minmay_temple_entry_large_hall, serial_shops, shop, uniq_sigmund

Action                   |  1- 3 |  4- 6 |  7- 9 || total
-------------------------+-------+-------+-------++-------
Melee: Short sword       |    50 |    70 |    42 ||   162
       Dagger            |     1 |       |       ||     1
 Fire: Hunting sling     |    16 |    53 |    30 ||    99
       Blowgun           |       |    14 |    23 ||    37
 Stab: Sleeping          |    11 |     6 |     4 ||    21
       Distracted        |     1 |       |       ||     1
  Eat: Chunk             |    11 |     9 |     5 ||    25
